 Dungeon Crawl Stone Soup version 0.29-a0-490-g77b3608bb8 (webtiles) character file.

Game seed: 16445089376340022588

145 happo123 the Sneak (level 5, -7/29 HPs)
             Began as a Kobold Enchanter on May 27, 2022.
             Mangled by a mummy (9 damage)
             ... in an ossuary.
             The game lasted 00:08:48 (3326 turns).

happo123 the Sneak (Kobold Enchanter)               Turns: 3326, Time: 00:08:49

Health: -7/29      AC:  4    Str:  5    XL:     5   Next: 53%
Magic:  9/9        EV: 15    Int: 18    God:
Gold:   194        SH:  0    Dex: 16    Spells: 1/9 levels left

rFire   . . .      SeeInvis .   a - +1 dagger
rCold   . . .      Faith    .   (no shield)
rNeg    . . .      Spirit   .   b - +0 robe
rPois   .          Reflect  .   l - +0 helmet
rElec   .          Harm     .   (no cloak)
rCorr   .          Rampage  .   w - +0 pair of gloves
Will    .....                   (no boots)
Stlth   ++++......              (no amulet)
HPRegen 0.09/turn               (no ring)
MPRegen 0.11/turn               (no ring)

@: marked, invisible
A: small, no large weapons, nightstalker 3
a: no special abilities


You were in an ossuary.
You visited 1 branch of the dungeon, and saw 4 of its levels.
You also visited: Ossuary.

You collected 194 gold pieces.

Inventory:

Hand Weapons
 a - a +1 dagger (weapon)
Missiles
 s - a throwing net
Armour
 b - a +0 robe (worn)
 f - a +0 leather armour
 l - a +0 helmet (worn)
 v - a +0 kite shield
 w - a +0 pair of gloves (worn)
Scrolls
 e - 2 scrolls of fog {unknown}
 h - a scroll of enchant weapon {unknown}
 i - 2 scrolls of magic mapping {unknown}
 j - 2 scrolls of torment {unknown}
 m - 3 scrolls of identify {unknown}
 n - a scroll of poison {unknown}
 o - a scroll of enchant armour {unknown}
 p - a scroll of brand weapon {unknown}
 q - 5 scrolls of immolation
 r - 5 scrolls of teleportation {unknown}
 t - a scroll of blinking {unknown}
 u - a scroll of summoning {unknown}
 y - 3 scrolls of fear {unknown}
Potions
 c - a potion of invisibility
 d - 2 potions of curing {unknown}
 g - 3 potions of degeneration
 k - 3 potions of flight {unknown}
 x - a potion of brilliance {unknown}
 z - a potion of might {unknown}
 A - 3 potions of heal wounds {unknown}


   Skills:
 + Level 1.4 Fighting
 + Level 2.8 Short Blades
 + Level 3.2 Dodging
 + Level 4.6 Stealth
 + Level 2.8 Spellcasting
 * Level 4.0 Hexes


You had one spell level left.
You knew the following spells:

 Your Spells              Type           Power      Damage    Failure   Level
a - Ensorcelled Hibernat  Hex/Ice        18%        N/A       11%         2
b - Tukima's Dance        Hex            17%        N/A       10%         3
c - Confusing Touch       Hex            17%        N/A       10%         3

Your spell library contained the following spells:

 Spells                   Type           Power      Damage    Failure   Level
 Dazzling Flash           Conj/Hex       18%        N/A       22%         3
 Ozocubu's Armour         Ice            2%         N/A       45%         3
 Silence                  Hex/Air        4%         N/A       89%         5
 Agony                    Necr           2%         N/A       99%         5
 Ozocubu's Refrigeration  Ice            1%         4d5       100%        7


Dungeon Overview and Level Annotations

Branches:
Dungeon (4/15)            Ossuary (1/1)
 Temple: D:4-7

Altars:
Fedhas
Gozag

Shops:
D:3 (


Innate Abilities, Weirdness & Mutations

You are small and have problems with some larger weapons.
You are completely attuned to the shadows.


Message History

There is an open door here.
You open the door.
A mummy comes into view.
Found a scroll of immolation.
Found a puce potion and 2 potions of degeneration.
There is an open door here.
Really walk onto that alarm trap?
You set off the alarm!
The alarm trap emits a blaring wail!
A sentinel's mark forms upon you.
A mummy comes into view.
Found 2 potions of degeneration.
You hit the mummy.
The mummy is moderately damaged.
You hit the mummy.
The mummy is moderately damaged.
The mummy barely misses you.
You hit the mummy.
The mummy is moderately damaged.
You hit the mummy but do no damage.
The mummy is moderately damaged.
The mummy hits you!
Ouch! That really hurt!
You hit the mummy but do no damage.
The mummy is moderately damaged.
You hit the mummy.
The mummy is heavily damaged.
The mummy hits you!
* * * LOW HITPOINT WARNING * * *
Unknown command.
You fade into invisibility!
You barely miss the mummy.
The mummy is heavily damaged.
The mummy closely misses you.
You hit the mummy but do no damage.
The mummy is heavily damaged.
You hit the mummy.
The mummy is heavily damaged.
The mummy hits you!
You die... ###.### ##### !!!!!

#..?# .M? #!!? #...#
#M# ?!! ##.## #@# #^#
###.# ###'### #.###
#.'.## ##.....## ##.'.#
###..###.......###..###
#.'...#.........#...'.#
###...'....⌠....'...###
#.'...#.........#...'.#
###..###.......###..###
#.'.## ##.....## ##.'.#


You could see 2 mummies.

Vanquished Creatures
  A centaur zombie (Ossuary)
  5 adders
  4 dart slugs
  A worm (D:2)
  2 orcs (D:3)
  4 bats
  2 endoplasms
  A giant cockroach (D:1)
  A gnoll zombie (Ossuary)
  5 goblins
  4 hobgoblins
  5 jackals (D:1)
  A quokka (D:2)
  7 ball pythons
  2 frilled lizards
  2 hobgoblin zombies (Ossuary)
  4 kobolds
  2 kobold zombies (Ossuary)
  2 orc zombies (Ossuary)
  2 rats
57 creatures vanquished.

Vanquished Creatures (others)
  A fungus (D:3)
  2 plants (D:3)
3 creatures vanquished.

Grand Total: 60 creatures vanquished

Notes
Turn   | Place    | Note
-------+----------+-------------------------------------------
     0 | D:1      | happo123 the Kobold Enchanter began the quest for the Orb.
     0 | D:1      | Reached XP level 1. HP: 10/10 MP: 3/3
   271 | D:1      | Reached XP level 2. HP: 15/15 MP: 5/5
   275 | D:1      | Learned a level 2 spell: Ensorcelled Hibernation
   761 | D:1      | Reached XP level 3. HP: 13/20 MP: 1/6
   932 | D:1      | You fall into a shaft and drop 1 floor!
  1610 | D:2      | Reached XP level 4. HP: 24/24 MP: 7/7
  1639 | D:2      | Reached skill level 1 in Fighting
  2417 | D:3      | Found an opulent altar of Gozag.
  2455 | D:3      | Found a faded altar of an unknown god.
  2541 | D:3      | Found a blossoming altar of Fedhas.
  2582 | D:3      | Found Visachus's Weapon Shoppe.
  2718 | D:3      | Reached XP level 5. HP: 29/29 MP: 9/9
  2728 | D:3      | Learned a level 3 spell: Tukima's Dance
  2732 | D:3      | Learned a level 3 spell: Confusing Touch
  3149 | D:4      | Found a sand-covered staircase.
  3155 | Ossuary  | Entered an ossuary
  3322 | Ossuary  | HP: 1/29 [mummy (9)]
  3326 | Ossuary  | Mangled by a mummy

Illustrated notes

Levels and vault maps discovered:
D:1:      amcnicky_arrival_double_pillar, layout_loops_ring
D:2:      layout_basic, minmay_close_crescents
D:3:      layout_rooms, mainiacjoe_overflow_boulevard,
          mainiacjoe_overflow_catwalk, serial_shops, nicolae_shop_behind_doors,
          dreamdust_ecumenical_altar_grove, nicolae_elevator_lobby_plus
D:4:      layout_basic, regret_index_temple_of_mockery,
          chequers_ossuary_entry_cave, hangedman_abyss_or_decor_stabs,
          minmay_door_square, serial_bayou_ford_a
Ossuary:  ossuary_crypta

Skill      XL: |  1  2  3  4  5 |
---------------+----------------+-----
Short Blades   | 2 |  2.8
Fighting       | 1 |  1.4
Dodging        | 3 |  3.2
Hexes          | 4 |  4.0
Stealth        | |  4.6
Spellcasting   | |  2.8

Action                   |  1- 3 |  4- 6 || total
-------------------------+-------+-------++-------
Melee: Dagger            |    51 |    73 ||   124
 Cast: Ensorcelled Hiber |     6 |     7 ||    13
  Use: Potion            |       |     1 ||     1
 Stab: Sleeping          |    17 |    23 ||    40
Armor: Robe              |     9 |     8 ||    17
Dodge: Dodged            |    36 |    30 ||    66

Table legend: (Time is in decaauts)
 A = Elapsed time spent in this place.
 B = Non-inter-level travel time spent in this place.
 C = Inter-level travel time spent in this place.
 D = Time resting spent in this place.
 E = Time spent auto-exploring this place.
 F = Levels seen in this place.
 G = Mean time per level.
                   A        B        C        D        E       F      G
               +--------+--------+--------+--------+--------+-----+--------+
         Total |   3314 |   3084 |    230 |     11 |   2532 |   5 |  662.8 |
       Dungeon |   3148 |   2918 |    230 |      0 |   2520 |   4 |  787.0 |
       Ossuary |    166 |    166 |      0 |     11 |     12 |   1 |  166.0 |
               +--------+--------+--------+--------+--------+-----+--------+

Top non-repeatable levels by time:
     D:1: 1106 daAuts
     D:2: 1007 daAuts
     D:3: 908 daAuts
 Ossuary: 166 daAuts
     D:4: 125 daAuts
